 Dungeon Crawl Stone Soup version 0.23.2-40-g277498a001 (webtiles) character file.

Game seed: 12078019518407234358

4442 H0rd4k the Slicer (level 10, -1/75 HPs)
             Began as a Human Artificer on Oct 15, 2019.
             Hit by a stone thrown by an orc warrior (7 damage)
             ... on level 8 of the Dungeon.
             The game lasted 00:18:07 (10715 turns).

H0rd4k the Slicer (Human Artificer)                Turns: 10715, Time: 00:18:08

Health: -1/75      AC:  3    Str: 19    XL:     10   Next: 63%
Magic:  0/13       EV: 14    Int: 18    God:
Gold:   421        SH:  0    Dex: 13    Spells: 9/9 levels left

rFire    . . .     SeeInvis .   h - +2 dagger (venom)
rCold    . . .     Gourm    .   (no shield)
rNeg     + . .     Faith    .   L - +0 leather armour (curse)
rPois    .         Spirit   +   (no helmet)
rElec    .         Reflect  .   I - scarf {Spirit}
rCorr    .         Harm     .   (no gloves)
MR       .....                  (no boots)
Stlth    ++++......             M - amulet of Daegeryo {+Rage +Inv Str+3 Int+6}
HPRegen  0.22/turn              C - ring "Tiph" {rN+ Stlth+}
MPRegen  0.13/turn              y - ring of flight

@: no status effects
A: no striking features
a: Evoke Berserk Rage, Evoke Invisibility, Evoke Flight


You were on level 8 of the Dungeon.
You were not hungry.

You visited 1 branch of the dungeon, and saw 8 of its levels.

You collected 421 gold pieces.

Inventory:

Hand Weapons
 a - a +0 short sword
 h - a +2 dagger of venom (weapon)
 x - a -1 dagger
Armour
 b - a +0 leather armour
 k - a +0 helmet
 I - a scarf of spirit shield (worn)
 L - a cursed +0 leather armour (worn)
Jewellery
 n - an uncursed amulet of faith
 o - a +3 ring of dexterity
 y - a ring of flight (right hand)
 C - the ring "Tiph" (left hand) {rN+ Stlth+}
   (You found it on level 4 of the Dungeon)

   [ring of stealth]

   It protects you from negative energy.
   It makes you more stealthy.
 M - the amulet of Daegeryo (around neck) {+Rage +Inv Str+3 Int+6}
   (You found it on level 7 of the Dungeon)

   [amulet of rage]

   It affects your strength (+3).
   It affects your intelligence (+6).
   It lets you turn invisible.
   It lets you go berserk.
Wands
 c - a wand of flame (52)
 d - a wand of enslavement (15)
 e - a wand of random effects (13)
Scrolls
 i - a scroll of noise {unknown}
 m - 2 scrolls of enchant armour {unknown}
 r - a scroll of amnesia {unknown}
 s - 2 scrolls of magic mapping {unknown}
 u - a scroll of immolation {unknown}
 w - 2 scrolls of enchant weapon {unknown}
 B - a scroll of fog {unknown}
 E - 2 scrolls of teleportation
 G - 4 scrolls of identify
 H - 3 scrolls of blinking {unknown}
 K - a scroll of torment {unknown}
 N - 2 scrolls of remove curse
 Q - a scroll of fear {unknown}
Potions
 j - a potion of haste {unknown}
 l - 4 potions of might
 p - a potion of mutation {unknown}
 q - a potion of experience {unknown}
 t - a potion of degeneration {unknown}
 z - 3 potions of flight {unknown}
 A - 2 potions of brilliance {unknown}
 D - a potion of lignification {unknown}
 F - a potion of invisibility {unknown}
 J - a potion of agility {unknown}
 P - a potion of heal wounds {unknown}
Comestibles
 f - 13 rations


   Skills:
 + Level 5.6 Fighting
 + Level 8.3 Short Blades
 + Level 5.2 Armour
 + Level 5.7 Dodging
 + Level 7.4 Stealth
 + Level 5.0 Evocations


You had 9 spell levels left.
You didn't know any spells.
Your spell library contained the following spells:

 Spells                   Type           Power        Failure   Level  Hunger
 Animate Skeleton         Necr           N/A          26%         1    ##.....
 Pain                     Necr           #...         26%         1    ##.....
 Summon Small Mammal      Summ           #...         26%         1    ##.....
 Call Imp                 Summ           #.......     36%         2    ###....
 Call Canine Familiar     Summ           #.......     58%         3    ####...
 Regeneration             Chrm/Necr      #.........   58%         3    ####...
 Summon Guardian Golem    Hex/Summ       #.......     58%         3    ####...
 Vampiric Draining        Necr           #.........   58%         3    ####...
 Animate Dead             Necr           N/A          94%         4    #####..
 Summon Ice Beast         Ice/Summ       #.......     94%         4    #####..
 Summon Lightning Spire   Summ/Air       #.......     94%         4    #####..


Dungeon Overview and Level Annotations

Branches:
Dungeon (8/15)             Temple (0/1) D:5
   Lair: D:8-11

Altars:
Ashenzari
Okawaru
Sif Muna

Annotations:
D:4 exclusion: downstairs
D:5 exclusions: downstairs and 1 more exclusion, Grinder
D:6 1 runed translucent door, exclusion: orc, Jessica; Kavlax's ghost, novice HOAK
D:7 2 transporters, Marnok's ghost, novice DsCK
D:8 Joseph


Message History

The orc warrior looks as sick as possible!
The orc warrior hits you with a +0 war axe!!
* * * LOW HITPOINT WARNING * * *
The orc warrior throws a stone.
The stone completely misses you.
You see here a stone.
The orc warrior throws a stone.
The stone misses you.
You see here a stone.
You feel better.
The orc warrior throws a stone.
The stone hits you.
* * * LOW HITPOINT WARNING * * *
The orc warrior throws a stone.
The stone hits you!!
* * * LOW HITPOINT WARNING * * *
You see here 6 stones.
You feel better.
The orc warrior throws a stone.
The stone misses you.
The orc warrior throws a stone.
The stone barely misses you.
The orc warrior throws a stone.
The stone hits you!
* * * LOW HITPOINT WARNING * * *
Things that are here:
2 stones; a wyvern skeleton; a bullfrog skeleton The orc warrior throws a stone.
The stone hits you!
You die...

######.........# #...)).#
######.........# #####)##
....##....###### #.#
.##)######################.###
.)........................>..#
>.)..........................#
#.#.############.##########...#
#.#)# #.# #..# #.#)# #@# ..#
#†#.# #(## ...# #.#.# #..# #..#
..#.# ##.########## ..
###'####### #.(..#.....#
#.........# ###(.#..#..#
..........# #((#..#..#
..........# #.o#.o#..#
..........# ##.##.##S##


You could see an orc warrior.

Vanquished Creatures
  2 two-headed ogres (D:8)
  Sigmund (D:2)
  A wyvern (D:8)
  2 black bears
  4 ice beasts
  An orc warrior (D:8)
  4 phantoms
  A necrophage (D:7)
  2 ogres
  A centaur (D:6)
  3 bullfrogs
  3 scorpions
  A water moccasin skeleton (D:5)
  2 bullfrog zombies
  2 crimson imps
  2 orc priests (D:5)
  3 hounds
  4 jellies
  2 bullfrog skeletons (D:6)
  A centaur zombie (D:8)
  3 orc wizards
  4 iguanas (D:8)
  Ijyb (D:5)
  7 worker ants
  A howler monkey zombie (D:5)
  9 adders
  A howler monkey skeleton (D:5)
  3 gnolls (D:2)
  2 oozes
  2 adder zombies
  3 worms
  A dart slug (D:1)
  3 leopard geckos
  21 orcs
  A ball python (D:1)
  17 giant cockroaches
  11 goblins
  5 hobgoblins
  7 jackals
  10 kobolds
  3 quokkas
  5 bats
  2 frilled lizards
  A leopard gecko skeleton (D:6)
  7 rats
172 creatures vanquished.

Notes
Turn   | Place    | Note
-------+----------+-------------------------------------------
     0 | D:1      | H0rd4k the Human Artificer began the quest for the Orb.
     0 | D:1      | Reached XP level 1. HP: 15/15 MP: 3/3
    78 | D:1      | Reached XP level 2. HP: 15/21 MP: 4/4
   575 | D:1      | Reached XP level 3. HP: 26/26 MP: 5/5
  1085 | D:2      | HP: 1/26 [gnoll/+0 halberd (9)]
  1087 | D:2      | Reached XP level 4. HP: 2/32 MP: 7/7
  1315 | D:2      | Reached skill level 1 in Armour
  1696 | D:2      | Noticed Sigmund
  1989 | D:3      | Found an iron altar of Okawaru.
  2246 | D:3      | Reached XP level 5. HP: 32/37 MP: 8/8
  2433 | D:3      | Reached skill level 2 in Short Blades
  3141 | D:2      | Killed Sigmund
  3141 | D:2      | Reached skill level 3 in Short Blades
  3141 | D:2      | Reached XP level 6. HP: 29/44 MP: 9/9
  3261 | D:4      | Got a steaming silver ring
  3366 | D:4      | Identified the ring "Tiph" {rN+ Stlth+} (You found it on
                  | level 4 of the Dungeon)
  3410 | D:4      | Found a shattered altar of Ashenzari.
  3413 | D:4      | Reached XP level 7. HP: 50/50 MP: 10/10
  4119 | D:5      | Entered Level 5 of the Dungeon
  4466 | D:5      | Reached skill level 4 in Short Blades
  4502 | D:5      | Found a staircase to the Ecumenical Temple.
  4638 | D:5      | Noticed Ijyb
  4641 | D:5      | Killed Ijyb
  4869 | D:5      | Reached XP level 8. HP: 26/57 MP: 11/11
  5703 | D:5      | Reached skill level 5 in Short Blades
  5972 | D:5      | Noticed Grinder
  6495 | D:6      | Reached XP level 9. HP: 41/65 MP: 12/12
  6507 | D:6      | Found a runed translucent door.
  6509 | D:6      | Noticed Kavlax's ghost (novice HOAK)
  6568 | D:6      | Reached skill level 6 in Short Blades
  8192 | D:6      | Noticed Jessica
  8199 | D:6      | Found a deep blue altar of Sif Muna.
  8424 | D:7      | Found a transporter.
  8975 | D:7      | Reached skill level 5 in Stealth
  9419 | D:7      | Found a transporter.
  9422 | D:7      | Noticed Marnok's ghost (novice DsCK)
  9462 | D:7      | Got a glittering tin amulet
  9753 | D:8      | Reached skill level 5 in Fighting
  9838 | D:8      | Identified the amulet of Daegeryo {+Rage +Inv Str+3 Int+6}
                  | (You found it on level 7 of the Dungeon)
  9875 | D:8      | Reached skill level 5 in Dodging
  9932 | D:8      | Noticed Joseph
  9952 | D:8      | Noticed a two-headed ogre
  9966 | D:8      | Killed a two-headed ogre
  9966 | D:8      | Reached skill level 7 in Short Blades
  9966 | D:8      | Reached XP level 10. HP: 37/74 MP: 6/13
 10301 | D:8      | Reached skill level 5 in Armour
 10340 | D:8      | Reached skill level 8 in Short Blades
 10619 | D:8      | Noticed a two-headed ogre
 10627 | D:8      | Killed a two-headed ogre
 10627 | D:8      | Reached skill level 5 in Evocations
 10715 | D:8      | Hit by a stone thrown by an orc warrior

Skill      XL: |  1  2  3  4  5  6  7  8  9 10 |
---------------+-------------------------------+-----
Evocations     | 4 5 |  5.0
Armour         | 1 2 3 4 5 |  5.2
Short Blades   | 3 4 5 7 8 |  8.3
Fighting       | 2 4 5 |  5.6
Stealth        | 2 3 4 6 7 |  7.4
Dodging        | 3 4 5 |  5.7

Action                   |  1- 3 |  4- 6 |  7- 9 | 10-12 || total
-------------------------+-------+-------+-------+-------++-------
Melee: Short sword       |    17 |       |       |       ||    17
       Dagger            |    48 |   156 |   523 |    80 ||   807
Evoke: Wand              |       |       |    14 |     7 ||    21
  Use: Scroll            |       |     3 |     2 |       ||     5
       Potion            |       |       |     1 |     4 ||     5
 Stab: Sleeping          |     2 |     4 |    18 |     1 ||    25
  Eat: Chunk             |       |     8 |    15 |     1 ||    24
       Ration            |       |       |     2 |       ||     2
Armor: Leather armour    |    12 |    32 |    49 |     8 ||   101
Dodge: Dodged            |    35 |   125 |   212 |    46 ||   418
